 Dungeon Crawl Stone Soup version 0.20-a0-656-g9b0dcd9 (webtiles) character file.

33 nikopol the Skirmisher (level 3, 0/24 HPs)
             Began as a Gargoyle Berserker on Feb 16, 2017.
             Was a Follower of Trog.
             Slain by Natasha (2 damage)
             ... on level 2 of the Dungeon.
             The game lasted 00:01:48 (861 turns).

nikopol the Skirmisher (Gargoyle Berserker)          Turns: 861, Time: 00:01:49

Health: 0/24       AC:  8    Str: 20    XL:     3   Next: 29%
Magic:  3/3        EV: 11    Int:  7    God:    Trog [*.....]
Gold:   131        SH:  0    Dex: 10    Spells: 2/2 levels left

rFire    . . .     SeeInvis .   a - +0 hand axe
rCold    . . .     Gourm    .   f - +0 ring mail
rNeg     + . .     Faith    .   (no shield)
rPois    ∞         Spirit   .   (no helmet)
rElec    +         Reflect  .   (no cloak)
rCorr    .         Harm     .   (no gloves)
MR       .....                  (no boots)
Stlth    ..........             (no amulet)
Regen    0.1/turn               (no ring)
MPRegen  0.1/turn               (no ring)

@: slowed, very slow
A: negative energy resistance 1, electricity resistance, unbreathing,
petrification resistance, rot immunity, AC +3
a: Berserk, Burn Spellbooks, Renounce Religion


You were on level 2 of the Dungeon.
You worshipped Trog.
Trog was aware of your devotion.
You were not hungry.

You visited 1 branch of the dungeon, and saw 2 of its levels.

You collected 131 gold pieces.

Inventory:

Hand Weapons
 a - a +0 hand axe (weapon)
Armour
 b - a +0 animal skin
 f - a +0 ring mail (worn)
Jewellery
 d - an uncursed amulet of guardian spirit {unknown}
 e - a +6 ring of evasion {unknown}
 h - a cursed ring of teleportation {unknown}
Scrolls
 g - 2 scrolls of identify {unknown}
 j - a scroll of teleportation {unknown}
 m - 3 scrolls of blinking {unknown}
Potions
 i - a potion of haste {unknown}
 l - 2 potions of heal wounds {unknown}
 n - a potion of flight {unknown}
Comestibles
 c - 2 bread rations


   Skills:
 + Level 3.8 Fighting
 + Level 3.1 Axes
 + Level 2.4 Armour
 + Level 1.9 Dodging


You had 2 spell levels left.
You didn't know any spells.

Dungeon Overview and Level Annotations

Branches:
Dungeon (2/15)

Altars:

Annotations:
D:2 Natasha


Innate Abilities, Weirdness & Mutations

You are resistant to torment.
Your stone body is resilient. (AC +3)
You are immune to poison.
You resist negative energy. (rN+)
You are resistant to electric shocks. (rElec)
You can survive without breathing.
You are immune to petrification.
You are immune to rotting.


Message History

You hit Natasha.
Natasha is heavily wounded.
You hit the white imp but do no damage.
You hit the crimson imp but do no damage.
You closely miss the crimson imp. The white imp hits you.
The white imp freezes you.
* * * LOW HITPOINT WARNING * * *
The crimson imp blinks!
The crimson imp hits you but does no damage.
Natasha closely misses you. The white imp gestures at you.
The puff of frost hits you!
* * * LOW HITPOINT WARNING * * *
The crimson imp closely misses you. Natasha closely misses you.
You hit Natasha but do no damage.
Natasha is heavily wounded.
You hit the white imp. You barely miss the crimson imp.
The white imp hits you but does no damage.
The crimson imp blinks!
Natasha claws you.
You die...

..... ..... ....#
#.............##
.##.##.........$.....#
.##..................#
.##..................#
.....................#
....#..............[.#
.....).........5h....####
....##.........§@........
.##.###.....5...§.5..###.#
........###..#####%####...
.##.####.......##.......#.
.##.####........#.........
.##...##.................#
.####...†.....##..........
#.....................
#.....(...###.......##


You could see Natasha, 2 crimson imps and a white imp.

Vanquished Creatures
  An adder (D:2)
  A dart slug (D:1)
  2 goblins
  3 hobgoblins (D:1)
  2 jackals (D:1)
  4 kobolds
  4 bats
  A frilled lizard (D:2)
  3 rats (D:1)
21 creatures vanquished.

Notes
Turn   | Place    | Note
-------+----------+-------------------------------------------
     0 | D:1      | nikopol the Gargoyle Berserker began the quest for the Orb.
     0 | D:1      | Reached XP level 1. HP: 14/14 MP: 1/1
    25 | D:1      | Reached XP level 2. HP: 16/19 MP: 2/2
   338 | D:1      | You fall through a shaft!
   618 | D:2      | Reached XP level 3. HP: 10/24 MP: 3/3
   850 | D:2      | Noticed Natasha
   861 | D:2      | Slain by Natasha

Vault maps used:
D:1:      eino_arrival_water_cross, serial_glass, glass_columns_a,
          glass_columns_b, minmay_split_cup_small
D:2:      first_bread, uniq_natasha

Skill      XL: |  1  2 |
---------------+-------+-----
Axes           | 3 |  3.1
Fighting       | |  3.8
Armour         | |  2.4
Dodging        | |  1.9

Action                   || total
-------------------------++-------
Melee: Hand axe          ||    86
Armor: Animal skin       ||    10
       Ring mail         ||    33
Dodge: Dodged            ||    80
